 Dungeon Crawl Stone Soup version 0.18.1-48-g4cf74bf (webtiles) character file.

115 Ge0ff the Conjurer (level 5, -9/31 HPs)
             Began as an Octopode Conjurer on July 5, 2016.
             Mangled by Sigmund
             ... wielding a +0 scythe
              (11 damage)
             ... on level 3 of the Dungeon.
             The game lasted 00:05:18 (2177 turns).

Ge0ff the Conjurer (Octopode Conjurer)              Turns: 2177, Time: 00:05:19

Health: -9/31      AC:  1    Str:  8    XL:     5   Next: 0%
Magic:  8/9        EV: 12    Int: 18    God:
Gold:   37         SH:  0    Dex: 12    Spells: 3 memorised, 3 levels left

rFire  . . .     SeeInvis .     a - +2 dagger (drain)
rCold  . . .     Gourm    .     (no shield)
rNeg   . . .     Faith    .     (helmet restricted)
rPois  .         Spirit   .     d - amulet of harm
rElec  .         Dismiss  .     (no ring)
rCorr  .         Reflect  .     (no ring)
SustAt .         Harm     +     (no ring)
MR     .....                    (no ring)
Stlth  +++.......               (no ring)
                                (no ring)
                                (no ring)
                                (no ring)

@: about to teleport, not resistant to hostile enchantments, fairly stealthy
A: almost no armour, amphibious, 8 rings, constrict 8, camouflage 1, gelatinous
body 1
a: no special abilities


You were on level 3 of the Dungeon.
You were not hungry.

You visited 1 branch of the dungeon, and saw 3 of its levels.

You collected 37 gold pieces.

Inventory:

Hand Weapons
 a - a +2 dagger of draining (weapon)
Missiles
 h - 15 poisoned needles
Jewellery
 c - a cursed amulet of inaccuracy {unknown}
 d - an amulet of harm (around mantle)
Scrolls
 e - a scroll of amnesia {unknown}
 f - 2 scrolls of remove curse {unknown}
 g - 4 scrolls of identify {unknown}
 k - a scroll of enchant armour {unknown}
 l - a scroll of enchant weapon {unknown}
 q - a scroll of teleportation
 w - a scroll of fog {unknown}
Potions
 j - a potion of haste {unknown}
 m - 2 potions of degeneration {unknown}
 o - a potion of cancellation {unknown}
 r - a potion of resistance {unknown}
 s - a potion of might {unknown}
 v - a potion of heal wounds {unknown}
Books
 i - a book of Conjurations

   Spells                             Type                      Level
   a - Magic Dart                     Conjuration                  1
   b - Searing Ray                    Conjuration                  2
   c - Dazzling Spray                 Conjuration/Hexes            3
   d - Fulminant Prism                Conjuration/Hexes            4
   e - Iskenderun's Mystic Blast      Conjuration                  4
   f - Iskenderun's Battlesphere      Conjuration/Charms           5
Miscellaneous
 p - a plain deck of defence
Comestibles
 b - a bread ration
 n - a slice of pizza
 u - a meat ration


   Skills:
 - Level 2.0 Dodging
 - Level 2.6 Stealth
 + Level 2.7 Spellcasting
 * Level 5.4 Conjurations
 + Level 1.3 Hexes


You had 3 spell levels left.
You knew the following spells:

 Your Spells              Type           Power        Failure   Level  Hunger
a - Magic Dart            Conj           ###.         1%          1    #......
b - Searing Ray           Conj           ###...       2%          2    ##.....
c - Dazzling Spray        Conj/Hex       ##....       14%         3    ###....


Dungeon Overview and Level Annotations

Branches:
Dungeon (3/15)

Altars:
Nemelex Xobeh
Yredelemnul

Annotations:
D:3 Sigmund


Innate Abilities, Weirdness & Mutations

You cannot wear most types of armour.
You are amphibious.
You can wear up to eight rings at the same time.
You can use your tentacles to constrict eight enemies at once.
Your skin changes colour to match your surroundings (Stealth).
Your rubbery body absorbs attacks (AC +1).


Message History

Sigmund points at you and mumbles some strange words.
You are confused.
Sigmund gestures wildly while chanting.
Sigmund flickers and vanishes!
Deactivating autopickup; reactivate with Ctrl-A.
A magic dart appears from out of thin air!
The magic dart hits you!
You bump into the rock wall.
You bump into the rock wall.
Something hits you.
You're too confused to move!
You feel less confused. Something hits you!
A magic dart appears from out of thin air!
The magic dart hits you!
* * * LOW HITPOINT WARNING * * *
Read which item? (? for menu, Esc to quit)
As you read the scroll labeled WITHRU UMAUWK, it crumbles to dust.
You feel strangely unstable.
It was a scroll of teleportation.
Something hits you!
You die...

#....#..#.##.#.# #.#
#.....#....##.#.#
#.#
......#..#.#####.#.#
#.# #####.#....#
#.#.#####.##
#.#..###
#.#........# #...>#
#.########## ##.#.#
#.# . .# #.#
.#######@#
.........#
.#########


There were no monsters in sight!

Vanquished Creatures
  Jessica (D:2)
  4 adders
  An ooze (D:1)
  2 worms
  2 giant geckos
  3 giant cockroaches (D:1)
  2 goblins (D:3)
  5 hobgoblins
  4 jackals (D:1)
  3 kobolds
  A quokka (D:2)
  8 bats
  A giant newt (D:1)
  5 rats
42 creatures vanquished.

Notes
Turn   | Place    | Note
--------------------------------------------------------------
     0 | D:1      | Ge0ff the Octopode Conjurer began the quest for the Orb.
     0 | D:1      | Reached XP level 1. HP: 11/11 MP: 3/3
   126 | D:1      | Reached XP level 2. HP: 16/17 MP: 3/5
   130 | D:1      | Learned a level 2 spell: Searing Ray
   763 | D:1      | Reached XP level 3. HP: 21/21 MP: 3/6
   768 | D:1      | Learned a level 3 spell: Dazzling Spray
   977 | D:2      | Found a sparkling altar of Nemelex Xobeh.
  1197 | D:2      | Found a basalt altar of Yredelemnul.
  1269 | D:2      | Reached skill level 5 in Conjurations
  1356 | D:2      | Noticed Jessica
  1365 | D:2      | Killed Jessica
  1365 | D:2      | Reached skill level 1 in Hexes
  1365 | D:2      | Reached XP level 4. HP: 27/27 MP: 2/7
  2053 | D:3      | Reached XP level 5. HP: 31/31 MP: 4/9
  2168 | D:3      | Noticed Sigmund
  2177 | D:3      | Mangled by Sigmund

Skill      XL: |  1  2  3 |
---------------+----------+-----
Conjurations   | 5 |  5.4
Hexes          | 1 |  1.3
Dodging        | |  2.0
Stealth        | |  2.6
Spellcasting   | |  2.7

Action                   |  1- 3 |  4- 6 || total
-------------------------+-------+-------++-------
Melee: Unarmed           |    11 |       ||    11
       Tentacles         |     4 |       ||     4
       Constrict         |     4 |     1 ||     5
       Short sword       |     7 |       ||     7
       Dagger            |       |     3 ||     3
 Cast: Magic Dart        |    65 |    29 ||    94
       Searing Ray       |       |     1 ||     1
  Use: Scroll            |       |     1 ||     1
 Stab: Sleeping          |     2 |       ||     2
  Eat: Chunk             |     2 |     2 ||     4
Armor: Skin              |     2 |     1 ||     3
Dodge: Dodged            |    15 |       ||    15
